 Dungeon Crawl Stone Soup version 0.18.1-47-g9310371 (webtiles) character file.

469 OrDronus the Shield-Bearer (level 6, -9/56 HPs)
             Began as a Minotaur Fighter on June 14, 2016.
             Mangled by Menkaure (12 damage)
             ... on level 5 of the Dungeon.
             The game lasted 00:19:39 (3429 turns).

OrDronus the Shield-Bearer (Minotaur Fighter)       Turns: 3429, Time: 00:19:40

Health: -9/56      AC:  7    Str: 25    XL:     6   Next: 82%
Magic:  5/5        EV:  9    Int:  6    God:
Gold:   210        SH: 10    Dex: 11    Spells: 0 memorised, 5 levels left

rFire  . . .     SeeInvis .     a - +0 war axe
rCold  . . .     Gourm    .     b - +0 scale mail
rNeg   . . .     Faith    .     c - +0 shield
rPois  .         Spirit   .     (helmet restricted)
rElec  .         Dismiss  .     (no cloak)
rCorr  .         Reflect  .     (no gloves)
SustAt .         Harm     .     (no boots)
MR     .....                    (no amulet)
Stlth  ..........               (no ring)
                                (no ring)

@: mighty, not resistant to hostile enchantments, extremely unstealthy
A: retaliatory headbutt, horns 2
a: no special abilities


You were on level 5 of the Dungeon.
You were not hungry.

You visited 1 branch of the dungeon, and saw 5 of its levels.

You collected 210 gold pieces.

Inventory:

Hand Weapons
 a - a +0 war axe (weapon)
Missiles
 p - 20 sling bullets
Armour
 b - a +0 scale mail (worn)
 c - a +0 shield (worn)
 n - a +0 pair of gloves
 x - a +0 troll leather armour
Jewellery
 u - an uncursed ring of magical power {unknown}
 B - an uncursed ring of resist corrosion {unknown}
Wands
 y - a wand of iceblast (10/15)
Scrolls
 e - 3 scrolls of remove curse {unknown}
 l - 3 scrolls of identify {unknown}
 q - a scroll of random uselessness {unknown}
 r - a scroll of amnesia {unknown}
 v - a scroll of teleportation {unknown}
 z - a scroll of noise {unknown}
 A - a scroll of enchant weapon {unknown}
Potions
 d - a potion of might
 g - 2 potions of haste {unknown}
 h - a potion of brilliance {unknown}
 i - 2 potions of curing {unknown}
 j - a potion of heal wounds {unknown}
 o - 2 potions of degeneration {unknown}
 w - a potion of berserk rage {unknown}
 C - a potion of flight {unknown}
Comestibles
 f - 3 bread rations
 k - 2 beef jerkies
 m - a royal jelly
 s - 8 chunks of flesh
 t - 2 fruits


   Skills:
 + Level 5.1 Fighting
 + Level 4.6 Axes
 + Level 5.3 Armour
 + Level 2.5 Dodging
 + Level 5.6 Shields


You had 5 spell levels left.
You didn't know any spells.

Dungeon Overview and Level Annotations

Branches:
Dungeon (5/15)
 Temple: D:4-7

Altars:
Kikubaaqudgha
Nemelex Xobeh
Trog

Shops:
D:4 [

Annotations:
D:2 Sigmund
D:5 Menkaure


Innate Abilities, Weirdness & Mutations

You reflexively headbutt those who attack you in melee.
You have a pair of horns on your head.


Message History

Menkaure's ankle releases a plume of dust as he confides, "I'm not really a mummy, you know."
Menkaure calls on the powers of darkness!
Your body is wracked with pain!
* * * LOW HITPOINT WARNING * * *
Menkaure casts a spell at you. Pain shoots through your body!
* * * LOW HITPOINT WARNING * * *
There is an open door here.
Drink which item? (? for menu, Esc to quit)
Okay, then.
Read which item? (? for menu, Esc to quit)
Okay, then.
You close the door.
Drink which item? (? for menu, Esc to quit)
You feel very mighty all of a sudden.
Menkaure opens the door.
You slice Menkaure!!
Menkaure is almost destroyed.
Menkaure hits you!
You die...

#..#...# #..##..#.....#
#..##..#.....# .
#..#...#.....# .
#..#...#.....# #####
#######..'...#.....# .....#
#....'...#...#.....# .....#
#....##..##..#.....+ .....#
#....##..##..#..@..####.....#
#....##..#...##M###.........#
#'#####..+........#.........#
.....##..##.......+.........#
#....##..##..###'##.........#
#.....#......#..............#
......#......#..............#
#....##......#.......(......#
#....######+##..............#


You could see Menkaure.

Vanquished Creatures
  A phantom (D:4)
  A crimson imp (D:5)
  A hound (D:5)
  2 orc wizards
  An iguana (D:4)
  A worker ant (D:5)
  3 gnolls
  5 adders
  2 oozes
  An adder skeleton (D:5)
  3 worms (D:3)
  3 dart slugs
  6 giant geckos
  19 orcs
  3 ball pythons
  5 giant cockroaches
  7 hobgoblins
  2 jackals (D:3)
  2 quokkas (D:3)
  4 bats
  2 giant newts
  7 goblins
  5 kobolds
  9 rats
95 creatures vanquished.

Notes
Turn   | Place    | Note
--------------------------------------------------------------
     0 | D:1      | OrDronus the Minotaur Fighter began the quest for the Orb.
     0 | D:1      | Reached XP level 1. HP: 19/19 MP: 0/0
    74 | D:1      | Reached XP level 2. HP: 18/27 MP: 1/1
   655 | D:2      | Noticed Sigmund
   744 | D:2      | Reached XP level 3. HP: 33/33 MP: 2/2
  1195 | D:3      | Reached XP level 4. HP: 40/41 MP: 3/3
  1511 | D:2      | Found a faded altar to an unknown god.
  1595 | D:1      | Reached skill level 1 in Dodging
  1595 | D:1      | Reached XP level 5. HP: 24/47 MP: 4/4
  1753 | D:2      | Reached skill level 5 in Shields
  2080 | D:4      | Noticed an ogre
  2166 | D:4      | Found a sparkling altar of Nemelex Xobeh.
  2320 | D:4      | Noticed a phantom
  2351 | D:4      | Killed a phantom
  2351 | D:4      | Reached skill level 5 in Armour
  2351 | D:4      | Reached XP level 6. HP: 38/55 MP: 5/5
  2469 | D:4      | Found an ancient bone altar of Kikubaaqudgha.
  2469 | D:4      | Found a bloodstained altar of Trog.
  2871 | D:4      | Found Nubri's Antique Armour Shop.
  3142 | D:5      | Entered Level 5 of the Dungeon
  3147 | D:5      | Reached skill level 5 in Fighting
  3396 | D:5      | Noticed Menkaure
  3424 | D:5      | HP: 2/56 [Menkaure/nerve-wracking pain (8)]
  3429 | D:5      | Mangled by Menkaure

Skill      XL: |  1  2  3  4  5  6 |
---------------+-------------------+-----
Shields        | 4 5 |  5.6
Armour         | 4 5 |  5.3
Fighting       | 4 5 |  5.1
Axes           | 3 4 |  4.6
Dodging        | 1 2 |  2.5

Action                   |  1- 3 |  4- 6 || total
-------------------------+-------+-------++-------
Melee: War axe           |    84 |   147 ||   231
       Headbutt          |    14 |    27 ||    41
  Use: Potion            |       |     1 ||     1
  Eat: Chunk             |     1 |     7 ||     8
Armor: Scale mail        |    27 |    42 ||    69
Dodge: Dodged            |    14 |    44 ||    58
Block: Shield            |    42 |    87 ||   129
